NWL
TRI-CITY DUST DEVILS @ CINCINNATI (SS-A) REDS
07/24/2099
 
TOP OF THE 1ST
Tri-City Dust Devils batting - Pitching for Cincinnati (SS-A) Reds : RHP Kyle Brent
Pitching: RHP Kyle Brent
Batting: SHB Tony Rosas 0-0: Called Strike
0-1: Swinging Strike
0-2: Ball
1-2: Strikes out swinging
Batting: RHB Adam Weber 0-0: Swinging Strike
0-1: Foul Ball, location: 5SF
0-2: Foul Ball, location: 9LDF
0-2: Strikes out swinging
Batting: RHB Tim Trejo 0-0: Ball
1-0: Called Strike
1-1: Swinging Strike
1-2: Strikes out looking
Top of the 1st over - 0 runs, 0 hits, 0 errors, 0 left on base; Tri-City 0 - Cincinnati (SS-A) 0
BOTTOM OF THE 1ST
Cincinnati (SS-A) Reds batting - Pitching for Tri-City Dust Devils : RHP Trevor Alonzo
Pitching: RHP Trevor Alonzo
Batting: RHB Dustin Keeney 0-0: SINGLE (Line Drive, 7S, EV 95.0 MPH)
Batting: RHB Mike Brenden 0-0: Swinging Strike
0-1: Foul Ball, location: 5DF
0-2: Ball
1-2: Strikes out swinging
Batting: SHB Armando Flores 0-0: Ball
1-0: Called Strike
1-1: Called Strike
1-2: Foul Ball, location: 2F
1-2: Foul Ball, location: 3DF
1-2: Ball
2-2: Reached on error, E2 (Groundball, 2L, EV 72.5 MPH)
Dustin Keeney to second
Batting: RHB Jose Ortiz 0-0: Called Strike
0-1: Ball
1-1: Foul Ball, location: 3DF
1-2: Strikes out swinging
Batting: RHB Aaron DeMart 0-0: Called Strike
0-1: Ball
1-1: Ball
2-1: Foul Ball, location: 2LF
2-2: Foul Ball, location: 5SF
2-2: Foul Ball, location: 9LDF
2-2: Ball
3-2: Base on Balls
Dustin Keeney to third
Armando Flores to second
Batting: RHB Jake Oxford 0-0: Ball
1-0: Fly out, F6 (Popup, 6MD, EV 66.3 MPH)
Bottom of the 1st over - 0 runs, 1 hit, 1 error, 3 left on base; Tri-City 0 - Cincinnati (SS-A) 0
TOP OF THE 2ND
Tri-City Dust Devils batting - Pitching for Cincinnati (SS-A) Reds : RHP Kyle Brent
Batting: RHB Ben Hernandez 0-0: Called Strike
0-1: Ball
1-1: Swinging Strike
1-2: Ball
2-2: Foul Ball, location: 25F
2-2: Strikes out swinging
Batting: RHB Jan Nelson 0-0: Ground out 6-3 (Groundball, 6, EV 83.8 MPH)
Batting: RHB Andy Oleksy 0-0: Called Strike
0-1: Ball
1-1: Ball
2-1: Ball
3-1: Base on Balls
Batting: RHB Jim Unknown 0-0: Ball
1-0: Called Strike
1-1: Called Strike
1-2: Ball
2-2: Ball
3-2: Strikes out swinging
Top of the 2nd over - 0 runs, 0 hits, 0 errors, 1 left on base; Tri-City 0 - Cincinnati (SS-A) 0
BOTTOM OF THE 2ND
Cincinnati (SS-A) Reds batting - Pitching for Tri-City Dust Devils : RHP Trevor Alonzo
Batting: LHB Mike Chaparro 0-0: Called Strike
0-1: Ball
1-1: Swinging Strike
1-2: Ball
2-2: Strikes out swinging
Batting: SHB Kyle Brent 0-0: Foul Ball, location: 9LDF
0-1: Foul Ball, location: 2F
0-2: Ball
1-2: Strikes out swinging
Batting: SHB Adam Perez 0-0: Foul Ball, location: 3F
0-1: Ground out 5-3 (Groundball, 25, EV 91.3 MPH)
Bottom of the 2nd over - 0 runs, 0 hits, 0 errors, 0 left on base; Tri-City 0 - Cincinnati (SS-A) 0
TOP OF THE 3RD
Tri-City Dust Devils batting - Pitching for Cincinnati (SS-A) Reds : RHP Kyle Brent
Batting: RHB Whip Vanbuskirk 0-0: Foul Ball, location: 2RF
0-1: Ball
1-1: Foul Ball, location: 9LSF
1-2: Strikes out swinging
Batting: RHB Jim Unknown 0-0: Called Strike
0-1: Foul Ball, location: 2F
0-2: Strikes out looking
Batting: SHB Tony Rosas 0-0: Ball
1-0: Called Strike
1-1: Foul Ball, location: 2F
1-2: Ball
2-2: DOUBLE (Flyball, 8LD, EV 103.8 MPH)
Batting: RHB Adam Weber 0-0: Foul Ball, location: 2F
0-1: Foul Ball, location: 2LF
0-2: Foul Ball, location: 2F
0-2: Strikes out swinging
Top of the 3rd over - 0 runs, 1 hit, 0 errors, 1 left on base; Tri-City 0 - Cincinnati (SS-A) 0
BOTTOM OF THE 3RD
Cincinnati (SS-A) Reds batting - Pitching for Tri-City Dust Devils : RHP Trevor Alonzo
Batting: RHB Dustin Keeney 0-0: Ball
1-0: Called Strike
1-1: Swinging Strike
1-2: Strikes out swinging
Batting: RHB Mike Brenden 0-0: Ball
1-0: Foul Ball, location: 5SF
1-1: Foul Ball, location: 9LDF
1-2: Foul Ball, location: 25FF
1-2: Foul Ball, location: 2F
1-2: Foul Ball, location: 2F
1-2: Ball
2-2: Ball
3-2: Fly out, F7 (Flyball, 78S, EV 87.5 MPH)
Batting: SHB Armando Flores 0-0: Ball
1-0: Swinging Strike
1-1: Ball
2-1: Ball
3-1: Foul Ball, location: 5F
3-2: Foul Ball, location: 7LSF
3-2: Base on Balls
Batting: RHB Jose Ortiz 0-0: Ball
1-0: Foul Ball, location: 3FF
1-1: Swinging Strike
1-2: SINGLE (Groundball, 4D, EV 98.8 MPH)
Armando Flores to second
Runner from 2nd tries for 3rd, SAFE, throw by CF made to third
Batting: RHB Aaron DeMart 0-0: Ball
1-0: Foul Ball, location: 3SF
1-1: Foul Ball, location: 2F
1-2: Ball
2-2: Strikes out swinging
Bottom of the 3rd over - 0 runs, 1 hit, 0 errors, 2 left on base; Tri-City 0 - Cincinnati (SS-A) 0
TOP OF THE 4TH
Tri-City Dust Devils batting - Pitching for Cincinnati (SS-A) Reds : RHP Kyle Brent
Batting: RHB Tim Trejo 0-0: SINGLE (Groundball, 4D, EV 105.0 MPH)
Batting: RHB Ben Hernandez 0-0: Ball
1-0: Called Strike
1-1: SINGLE (Line Drive, 7S, EV 90.6 MPH)
Tim Trejo to second
Batting: RHB Jan Nelson 0-0: Foul Ball, location: 7LSF
0-1: Foul Ball, location: 9LMF
0-2: Strikes out looking
Batting: RHB Andy Oleksy 0-0: Ball
Tim Trejo steals 3rd base
1-0: Foul Ball, location: 2F
1-1: Ball
2-1: Ball
3-1: Called Strike
3-2: Base on Balls
Ben Hernandez to second
Batting: RHB Jim Unknown 0-0: Ball
1-0: Called Strike
1-1: Ball
2-1: Called Strike
2-2: Strikes out looking
Batting: RHB Whip Vanbuskirk 0-0: Fly out, F8 (Flyball, 8RD, EV 92.5 MPH)
Top of the 4th over - 0 runs, 2 hits, 0 errors, 3 left on base; Tri-City 0 - Cincinnati (SS-A) 0
BOTTOM OF THE 4TH
Cincinnati (SS-A) Reds batting - Pitching for Tri-City Dust Devils : RHP Trevor Alonzo
Batting: RHB Jake Oxford 0-0: Swinging Strike
0-1: SINGLE (Line Drive, 34, EV 97.5 MPH)
Batting: LHB Mike Chaparro 0-0: Ball
1-0: Ball
2-0: Called Strike
2-1: Foul Ball, location: 2F
2-2: Foul Ball, location: 7LSF
2-2: Ball
3-2: Strikes out swinging
Batting: SHB Kyle Brent 0-0: Ball
1-0: Called Strike
1-1: Ball
2-1: Foul Ball, location: 7LDF
2-2: Grounds into double play, 4-6-3 (Groundball, 4M, EV 81.3 MPH)
Bottom of the 4th over - 0 runs, 1 hit, 0 errors, 0 left on base; Tri-City 0 - Cincinnati (SS-A) 0
TOP OF THE 5TH
Tri-City Dust Devils batting - Pitching for Cincinnati (SS-A) Reds : RHP Kyle Brent
Batting: RHB Jim Unknown 0-0: Ball
1-0: SINGLE (Flyball, 89S, EV 90.0 MPH) - OUT at second base trying to stretch hit.
Batting: SHB Tony Rosas 0-0: Ball
1-0: Foul Ball, location: 7LMF
1-1: Ball
2-1: SINGLE (Flyball, 5D, EV 90.6 MPH)
Batting: RHB Adam Weber 0-0: Called Strike
0-1: Ball
1-1: Swinging Strike
1-2: Fielders Choice at 2nd, 6-4 (Groundball, 6, EV 103.1 MPH)
Batting: RHB Tim Trejo 0-0: Ball
1-0: Ball
2-0: Ball
3-0: Called Strike
3-1: Swinging Strike
3-2: Strikes out looking
Top of the 5th over - 0 runs, 2 hits, 0 errors, 1 left on base; Tri-City 0 - Cincinnati (SS-A) 0
BOTTOM OF THE 5TH
Cincinnati (SS-A) Reds batting - Pitching for Tri-City Dust Devils : RHP Trevor Alonzo
Batting: SHB Adam Perez 0-0: Foul Ball, location: 5FF
0-1: Called Strike
0-2: Foul Ball, location: 5F
0-2: Ball
1-2: Ball
2-2: Strikes out swinging
Batting: RHB Dustin Keeney 0-0: Called Strike
0-1: Called Strike
0-2: Ground out 5-3 (Groundball, 56S, EV 71.9 MPH)
Batting: RHB Mike Brenden 0-0: Ball
1-0: Ball
2-0: Ball
3-0: Called Strike
3-1: Called Strike
3-2: Fly out, F8 (Flyball, 8RM, EV 87.5 MPH)
Bottom of the 5th over - 0 runs, 0 hits, 0 errors, 0 left on base; Tri-City 0 - Cincinnati (SS-A) 0
TOP OF THE 6TH
Tri-City Dust Devils batting - Pitching for Cincinnati (SS-A) Reds : RHP Kyle Brent
Batting: RHB Ben Hernandez 0-0: Foul Ball, location: 5F
0-1: Foul Ball, location: 2RF
0-2: Foul Ball, location: 2F
0-2: Ball
1-2: Ball
2-2: Ball
3-2: Foul Ball, location: 7LSF
3-2: DOUBLE (Line Drive, 7LM, EV 91.3 MPH)
Pitching: LHP Nelson Espinosa
Batting: RHB Jan Nelson 0-0: Fly out, F3 (Popup, 3, EV 60.0 MPH)
Batting: RHB Andy Oleksy 0-0: Ball
1-0: Called Strike
1-1: Swinging Strike
1-2: Ball
2-2: SINGLE (Line Drive, 89S, EV 103.1 MPH)
Ben Hernandez to third
Batting: RHB Jim Unknown 0-0: Called Strike
0-1: Swinging Strike
0-2: Fly out, F8 (Flyball, 8LM, EV 80.0 MPH)
Runner from 3rd tags up, SCORES, throw by CF
Batting: RHB Whip Vanbuskirk 0-0: Ball
1-0: Ball
2-0: Called Strike
2-1: Ball
3-1: Base on Balls
Andy Oleksy to second
Batting: RHB Jim Unknown 0-0: Foul Ball, location: 7LDF
0-1: Called Strike
0-2: Foul Ball, location: 7LMF
0-2: Strikes out swinging
Top of the 6th over - 1 run, 2 hits, 0 errors, 2 left on base; Tri-City 1 - Cincinnati (SS-A) 0
BOTTOM OF THE 6TH
Cincinnati (SS-A) Reds batting - Pitching for Tri-City Dust Devils : RHP Trevor Alonzo
Pitching: RHP Chris Schneider
Batting: SHB Armando Flores 0-0: Called Strike
0-1: Ball
1-1: Ball
2-1: Foul Ball, location: 7LDF
2-2: Ball
3-2: SINGLE (Line Drive, 8LS, EV 101.9 MPH)
Batting: RHB Jose Ortiz 0-0: Swinging Strike
0-1: Foul Ball, location: 25F
0-2: Ball
1-2: Ball
2-2: Ball
3-2: Foul Ball, location: 7LMFF
3-2: Base on Balls
Armando Flores to second
Pinch Runner at 2nd Jacopo Baiano:
Pinch Hitting: RHB Steven Oney 0-0: Swinging Strike
0-1: Ball
1-1: Ball
2-1: Ball
3-1: Swinging Strike
3-2: Strikes out looking
Batting: RHB Jake Oxford 0-0: Foul Ball, location: 9LDF
0-1: Called Strike
0-2: Strikes out swinging
Batting: LHB Mike Chaparro 0-0: Ball
1-0: Ball
2-0: Foul Ball, location: 2F
2-1: Foul Ball, location: 2F
2-2: Fly out, F9 (Flyball, 9LSF, EV 90.6 MPH)
Bottom of the 6th over - 0 runs, 1 hit, 0 errors, 2 left on base; Tri-City 1 - Cincinnati (SS-A) 0
TOP OF THE 7TH
Tri-City Dust Devils batting - Pitching for Cincinnati (SS-A) Reds : LHP Nelson Espinosa
Now at 3B: Mike Brenden
Now at SS: Roger Fuentes
Now in LF: Jacopo Baiano
Now in RF: Mike Chaparro
Batting: SHB Tony Rosas 0-0: Ball
1-0: Ball
2-0: Called Strike
2-1: Ball
3-1: Foul Ball, location: 3SF
3-2: SINGLE (Line Drive, 6MD, EV 96.9 MPH)
Batting: RHB Adam Weber 0-0: Ball
1-0: Ball
2-0: Ball
3-0: Base on Balls
Tony Rosas to second
Batting: RHB Tim Trejo 0-0: Swinging Strike
0-1: Foul Ball, location: 5FF
0-2: Ball
1-2: Strikes out swinging
Batting: RHB Ben Hernandez 0-0: Ball
1-0: Ball
2-0: Grounds into double play, 5-4-3 (Groundball, 5S, EV 86.3 MPH)
Top of the 7th over - 0 runs, 1 hit, 0 errors, 1 left on base; Tri-City 1 - Cincinnati (SS-A) 0
BOTTOM OF THE 7TH
Cincinnati (SS-A) Reds batting - Pitching for Tri-City Dust Devils : RHP Chris Schneider
Pitching: RHP Clint Harshfield
Batting: SHB Kyle Brent 0-0: Swinging Strike
0-1: Swinging Strike
0-2: Ball
1-2: Strikes out swinging
Pinch Hitting: LHB Simon Bracken 0-0: Ball
1-0: Ball
2-0: Ball
3-0: Base on Balls
Batting: RHB Dustin Keeney 0-0: Swinging Strike
0-1: Ball
1-1: Swinging Strike
1-2: Ball
2-2: Foul Ball, location: 2F
2-2: Strikes out looking
Batting: RHB Mike Brenden 0-0: Ball
1-0: Foul Ball, location: 2F
1-1: Ball
2-1: Ground out 4-3 (Groundball, 4S, EV 86.9 MPH)
Bottom of the 7th over - 0 runs, 0 hits, 0 errors, 1 left on base; Tri-City 1 - Cincinnati (SS-A) 0
TOP OF THE 8TH
Tri-City Dust Devils batting - Pitching for Cincinnati (SS-A) Reds : LHP Nelson Espinosa
Pitching: LHP Louis Wijker
Now in LF: Simon Bracken
Now in CF: Jacopo Baiano
Batting: RHB Jan Nelson 0-0: Ground out 4-3 (Groundball, 4, EV 101.9 MPH)
Batting: RHB Andy Oleksy 0-0: Called Strike
0-1: Swinging Strike
0-2: Ball
1-2: Ball
2-2: Ball
3-2: Foul Ball, location: 2F
3-2: Base on Balls
Batting: RHB Jim Unknown 0-0: Ball
1-0: Swinging Strike
1-1: Ball
2-1: Swinging Strike
2-2: Fly out, F3 (Line Drive, 3, EV 69.4 MPH)
Lined into DP, U3 (Line Drive, 3, EV 69.4 MPH)
Top of the 8th over - 0 runs, 0 hits, 0 errors, 0 left on base; Tri-City 1 - Cincinnati (SS-A) 0
BOTTOM OF THE 8TH
Cincinnati (SS-A) Reds batting - Pitching for Tri-City Dust Devils : RHP Clint Harshfield
Batting: RHB Jacopo Baiano 0-0: Ground out 6-3 (Groundball, 56S, EV 81.3 MPH)
Batting: RHB Jose Ortiz 0-0: Ball
1-0: Foul Ball, location: 25F
1-1: Swinging Strike
1-2: Foul Ball, location: 23F
1-2: SINGLE (Groundball, 56S, EV 70.6 MPH) (infield hit)
Pinch Hitting: LHB Paul Chavez 0-0: Called Strike
0-1: Ball
1-1: Swinging Strike
1-2: Foul Ball, location: 7LSF
1-2: Strikes out swinging
Pinch Hitting: RHB Josh Stough 0-0: Ball
1-0: Foul Ball, location: 2F
1-1: Ball
2-1: Foul Ball, location: 7LDF
2-2: Strikes out swinging
Bottom of the 8th over - 0 runs, 1 hit, 0 errors, 1 left on base; Tri-City 1 - Cincinnati (SS-A) 0
TOP OF THE 9TH
Tri-City Dust Devils batting - Pitching for Cincinnati (SS-A) Reds : LHP Louis Wijker
Now at C: Paul Chavez
Now at SS: Chris Savich
Batting: RHB Whip Vanbuskirk 0-0: SINGLE (Line Drive, 8LS, EV 91.3 MPH)
Batting: RHB Jim Unknown 0-0: Called Strike
0-1: Called Strike
0-2: Ball
1-2: Strikes out swinging
Batting: SHB Tony Rosas 0-0: Ball
1-0: DOUBLE (Flyball, 7LD, EV 106.9 MPH)
Whip Vanbuskirk to third
Batting: RHB Adam Weber 0-0: Foul Ball, location: 9LSF
0-1: Ball
1-1: Foul Ball, location: 9LSF
1-2: Fly out, F7 (Flyball, 7S, EV 89.4 MPH)
Batting: RHB Tim Trejo 0-0: Foul Ball, location: 7LDF
0-1: Ball
1-1: Foul Ball, location: 9LSF
1-2: Foul Ball, location: 23F
1-2: Strikes out swinging
Top of the 9th over - 0 runs, 2 hits, 0 errors, 2 left on base; Tri-City 1 - Cincinnati (SS-A) 0
BOTTOM OF THE 9TH
Cincinnati (SS-A) Reds batting - Pitching for Tri-City Dust Devils : RHP Clint Harshfield
Pitching: RHP Christian Culton
Batting: LHB Mike Chaparro 0-0: Hit by Pitch
Batting: SHB Kyle Brent 0-0: Ball
1-0: Ball
2-0: Fly out, F7 (Flyball, 7, EV 85.0 MPH)
Batting: LHB Simon Bracken 0-0: Called Strike
0-1: Foul Ball, location: 2F
0-2: Foul Ball, location: 5SF
0-2: Ball
1-2: Ball
2-2: Foul Ball, location: 2F
2-2: Strikes out swinging
Batting: RHB Dustin Keeney 0-0: Foul Ball, location: 9LMF
0-1: Ball
1-1: Fielders Choice at 2nd, 6-4 (Groundball, 6, EV 95.6 MPH)
Bottom of the 9th over - 0 runs, 0 hits, 0 errors, 1 left on base; Tri-City 1 - Cincinnati (SS-A) 0
Sunday, May 12th , 2024 - OOTP Baseball 24.11 Build 85